 Dungeon Crawl Stone Soup version 0.29-a0-298-g3c90f9a769 (webtiles) character file.

Game seed: 3163799749108553166

391 Dabor the Conjurer (level 6, -4/32 HPs)
             Began as a Deep Elf Conjurer on Mar 23, 2022.
             Killed from afar by an orc wizard (5 damage)
             ... with a magic dart
             ... on level 4 of the Dungeon.
             The game lasted 00:04:50 (4659 turns).

Dabor the Conjurer (Deep Elf Conjurer)              Turns: 4659, Time: 00:04:51

Health: -4/32      AC:  3    Str:  4    XL:     6   Next: 50%
Magic:  13/15      EV: 13    Int: 25    God:
Gold:   290        SH:  0    Dex: 13    Spells: 9/15 levels left

rFire   . . .      SeeInvis .   f - +0 whip (flame)
rCold   + . .      Faith    .   (no shield)
rNeg    + . .      Spirit   .   a - +0 robe
rPois   .          Reflect  .   (no helmet)
rElec   .          Harm     .   (no cloak)
rCorr   +          Rampage  .   (no gloves)
Will    .....                   m - +0 pair of boots of Ezyxam Jicunn {rN+ rCorr}
Stlth   ++........              (no amulet)
HPRegen 0.10/turn               n - ring of protection from cold
MPRegen 0.14/turn               (no ring)

@: no status effects
A: no striking features
a: no special abilities


You were on level 4 of the Dungeon.
You visited 1 branch of the dungeon, and saw 5 of its levels.

You collected 290 gold pieces.

Inventory:

Hand Weapons
 f - a +0 whip of flaming (weapon)
Missiles
 k - a throwing net
Armour
 a - a +0 robe (worn)
 m - the +0 pair of boots of Ezyxam Jicunn (worn) {rN+ rCorr}
   (You found it on level 2 of the Dungeon)

   rN:        It protects you from negative energy.
   rCorr:     It protects you from acid and corrosion.
Jewellery
 h - a ring of ice
 n - a ring of protection from cold (left hand)
 q - the ring "Dofasexeepn" {Contam rN+++ Will- rCorr Stlth+}
   (You found it on level 3 of the Dungeon)

   [ring of resist corrosion]

   rN:        It renders you almost immune to negative energy.
   Contam:    It causes magical contamination when unequipped.
   rCorr:     It protects you from acid and corrosion.
   Will:      It decreases your willpower.
   Stlth:     It makes you more stealthy.
Wands
 w - a wand of paralysis (9)
Scrolls
 d - a scroll of enchant armour
 e - a scroll of magic mapping
 o - a scroll of enchant weapon {unknown}
 p - a scroll of summoning {unknown}
 s - 2 scrolls of identify
 t - a scroll of torment {unknown}
 v - a scroll of fear {unknown}
Potions
 b - 2 potions of magic
 c - a potion of curing
 g - a potion of resistance {unknown}
 i - a potion of flight {unknown}
 j - a potion of might {unknown}
 r - 2 potions of heal wounds {unknown}
 u - a potion of haste {unknown}


   Skills:
 + Level 4.2 Dodging
 - Level 3.2 Stealth
 + Level 5.0 Spellcasting
 * Level 6.1 Conjurations
 + Level 2.4 Hexes
 - Level 2.0 Summonings


You had 9 spell levels left.
You knew the following spells:

 Your Spells              Type           Power      Damage    Failure   Level
a - Magic Dart            Conj           100%       1d8       1%          1
b - Searing Ray           Conj           72%        2d7       1%          2
c - Summon Guardian Gole  Hex/Summ       17%        N/A       10%         3

Your spell library contained the following spells:

 Spells                   Type           Power      Damage    Failure   Level
 Dazzling Flash           Conj/Hex       54%        N/A       4%          3
 Stone Arrow              Conj/Erth      42%        3d9       7%          3
 Ensorcelled Hibernation  Hex/Ice        24%        N/A       8%          2
 Fulminant Prism          Conj/Hex       13%        3d9       14%         4
 Spider Form              Tmut/Pois      6%         N/A       24%         3
 Iskenderun's Mystic Bla  Conj/Tloc      21%        2d6       24%         4
 Anguish                  Hex/Necr       6%         N/A       43%         4
 Animate Armour           Summ/Erth      22%        N/A       47%         4
 Olgreb's Toxic Radiance  Pois           6%         N/A       63%         4
 Starburst                Conj/Fire      10%        6d5       98%         6
 Orb of Destruction       Conj           18%        9d8       99%         7
 Ozocubu's Refrigeration  Ice            3%         4d5       100%        7
 Spellforged Servitor     Conj/Summ      13%        N/A       100%        7
 Ignition                 Fire           3%         3d4       100%        8
 Lehudib's Crystal Spear  Conj/Erth      10%        10d4      100%        8


Dungeon Overview and Level Annotations

Branches:
Dungeon (5/15)
 Temple: D:4-7

Altars:
Fedhas
Yredelemnul

Shops:
D:2 [

Annotations:
D:5 Menkaure


Message History

The magic dart hits the ice beast.
The ice beast is almost dead.
Casting: Magic Dart (safe; 1% risk of failure)
Confirm with . or Enter, or press ? or * to list all spells.
Aiming: Searing Ray (safe; 1% risk of failure)
Press: ? - help, Shift-Dir - straight line, f/p - ice beast
Aim: an ice beast (almost dead, 81% to hit)
The searing ray hits the ice beast.
You kill the ice beast! (Press . to maintain the ray.)
Your Spellcasting skill increases to level 5!
Your Conjurations skill increases to level 6!
You start resting.
Magic restored.
You see here a +0 short sword of venom.
There is a stone staircase leading down here.
You climb downwards.
Level annotation: Menkaure The orc wizard shouts!
You hear a shout! x2; The steam dragon hisses angrily.
The steam dragon breathes steam at you. The ball of steam hits you!
You hear a bark!
You hear a shout!
There is a stone staircase leading up here.
You are engulfed in a cloud of scalding steam.
* * * LOW HITPOINT WARNING * * *
The orc wizard is engulfed in a cloud of scalding steam.
The orc wizard barely misses you.
You climb upwards.
There is a stone staircase leading down here.
Casting: Searing Ray (safe; 1% risk of failure)
Confirm with . or Enter, or press ? or * to list all spells.
Aiming: Searing Ray (safe; 1% risk of failure)
Press: ? - help, Shift-Dir - straight line, f - orc wizard
Aim: an orc wizard, wielding a +0 dagger of draining and wearing a +0 robe (moderately wounded, 76% to hit)
The searing ray hits the orc wizard!
The orc wizard is severely wounded. (Press . to maintain the ray.)
The orc wizard points at you and mumbles some strange words.
The magic dart hits you.
You die...

..........######.#.#
..#######.# #.#.#
..........# #.#.#
#.#######.# #...#
#.# #.# #.### #.#
#.# #..# #.# #.###
#..# #.# #...# #.o#
..# #<..# #@.# ###
##..# #..# #..# #..#
#..# #..#
######..####..#
#.............#
#.####).#####.#
#####.####..# #.#
............# #.#


You could see an orc wizard.

Vanquished Creatures
  An ice beast (D:4)
  A scorpion (D:4)
  A hound (D:4)
  An iguana (D:4)
  Robin (D:1)
  4 gnolls (D:2)
  4 adders
  A worm (D:3)
  4 dart slugs
  8 endoplasms
  4 giant cockroaches
  9 hobgoblins
  6 jackals
  10 kobolds
  4 quokkas
  3 ball pythons (D:1)
  8 bats
  4 frilled lizards
  13 goblins
  7 rats
94 creatures vanquished.

Notes
Turn   | Place    | Note
-------+----------+-------------------------------------------
     0 | D:1      | Dabor the Deep Elf Conjurer began the quest for the Orb.
     0 | D:1      | Reached XP level 1. HP: 10/10 MP: 6/6
   298 | D:1      | Reached XP level 2. HP: 15/15 MP: 5/8
   655 | D:1      | Reached XP level 3. HP: 12/19 MP: 2/10
  1508 | D:2      | Noticed Robin
  1515 | D:1      | Killed Robin
  1520 | D:1      | Learned a level 2 spell: Searing Ray
  1524 | D:1      | Learned a level 3 spell: Summon Guardian Golem
  1527 | D:2      | Reached skill level 5 in Conjurations
  1527 | D:2      | Reached XP level 4. HP: 21/24 MP: 4/12
  1779 | D:2      | Reached skill level 1 in Hexes
  1841 | D:2      | Reached skill level 1 in Summonings
  1989 | D:2      | Reached XP level 5. HP: 28/28 MP: 9/13
  2147 | D:2      | Identified the +0 pair of boots of Ezyxam Jicunn {rN+
                  | rCorr}
  2303 | D:2      | Found Sibbifif's Antique Armour Shoppe.
  2304 | D:2      | Found a faded altar of an unknown god.
  2307 | D:2      | Noticed a shining eye
  2561 | D:2      | Noticed a shining eye
  2561 | D:2      | Noticed a golden eye
  2561 | D:2      | Noticed a floating eye
  2690 | D:3      | Found a blossoming altar of Fedhas.
  2709 | D:3      | Found a basalt altar of Yredelemnul.
  2969 | D:3      | Identified the ring "Dofasexeepn" {Contam rN+++ Will- rCorr
                  | Stlth+}
  3708 | D:4      | Reached XP level 6. HP: 25/32 MP: 8/15
  4230 | D:5      | Entered Level 5 of the Dungeon
  4230 | D:5      | Noticed a steam dragon
  4284 | D:5      | Noticed Menkaure
  4284 | D:5      | Noticed an ice beast
  4442 | D:4      | HP: 1/32 [ice beast (6)]
  4574 | D:4      | Killed an ice beast
  4575 | D:4      | Reached skill level 5 in Spellcasting
  4575 | D:4      | Reached skill level 6 in Conjurations
  4657 | D:5      | HP: 1/32 [steam dragon] (11)]
  4659 | D:4      | Killed from afar by an orc wizard

Illustrated notes

Levels and vault maps discovered:
D:1:      dpeg_cavernosity, layout_basic
D:2:      layout_loops_ring, hellmonk_ecumenical_altar_watching_god,
          serial_shops, shop, uniq_robin
D:3:      layout_rooms, mainiacjoe_overflow_catwalk_spiral
D:4:      layout_loops_ring
D:5:      layout_cave_pools, minmay_temple_entry_wispy, nicolae_sextant,
          uniq_edmund, uniq_blork_the_orc, uniq_menkaure, uniq_pikel

Skill      XL: |  1  2  3  4  5  6 |
---------------+-------------------+-----
Stealth        | 3 |  3.2
Dodging        | 3 4 |  4.2
Spellcasting   | 4 5 |  5.0
Conjurations   | 5 6 |  6.1
Hexes          | 1 2 |  2.4
Summonings     | 1 2 |  2.0

Action                   |  1- 3 |  4- 6 || total
-------------------------+-------+-------++-------
Melee: Whip              |     1 |       ||     1
 Cast: Magic Dart        |    73 |    97 ||   170
       Searing Ray       |     1 |     9 ||    10
  Use: Scroll            |       |     4 ||     4
       Potion            |       |     3 ||     3
Armor: Robe              |     3 |     7 ||    10
Dodge: Dodged            |    13 |    17 ||    30

Table legend: (Time is in decaauts)
 A = Elapsed time spent in this place.
 B = Non-inter-level travel time spent in this place.
 C = Inter-level travel time spent in this place.
 D = Time resting spent in this place.
 E = Time spent auto-exploring this place.
 F = Levels seen in this place.
 G = Mean time per level.
                   A        B        C        D        E       F      G
               +--------+--------+--------+--------+--------+-----+--------+
         Total |   4665 |   4174 |    491 |     28 |   3698 |   5 |  933.0 |
       Dungeon |   4665 |   4174 |    491 |     28 |   3698 |   5 |  933.0 |
               +--------+--------+--------+--------+--------+-----+--------+

Top non-repeatable levels by time:
     D:1: 1525 daAuts
     D:2: 1188 daAuts
     D:4: 1188 daAuts
     D:3: 754 daAuts
     D:5: 9 daAuts
